[ AOE2 MATCH · #483088043 ]
Team RMMongols vs Franks
[ REPLAY ANALYSIS · EXTRACTED FROM THE RECORDED GAME ]
Feudal
11:15
Castle
20:15
Imperial
31:19
| APM avg | 10.7 |
| APM peak | 48 |
| eAPM avg | 7.2 |
| Villagers / military | 54 / 29 |
Focus
⚔️ 37.2% · 🌾 62.8%
Militia ×23 · Trebuchet (Packed) ×3 · Spearman ×2 · Scout Cavalry ×1
Feudal
14:04
Castle
—
Imperial
—
| APM avg | 6.5 |
| APM peak | 56 |
| eAPM avg | 1.8 |
| Villagers / military | 31 / 4 |
Focus
⚔️ 13.9% · 🌾 86.1%
Militia ×4
Feudal
12:54
Castle
30:02
Imperial
46:01
| APM avg | 28.7 |
| APM peak | 69 |
| eAPM avg | 12.3 |
| Villagers / military | 100 / 147 |
Focus
⚔️ 23.3% · 🌾 76.7%
Archer ×62 · Mangonel ×39 · Knight ×28 · Bombard Cannon ×10 · Scout Cavalry ×4 · Monk ×4
Feudal
12:01
Castle
25:19
Imperial
40:25
| APM avg | 14.2 |
| APM peak | 48 |
| eAPM avg | 10.8 |
| Villagers / military | 103 / 162 |
Focus
⚔️ 38.0% · 🌾 62.0%
Scorpion ×70 · Spearman ×34 · Militia ×30 · Centurion ×21 · Trade Cart ×9 · Trebuchet (Packed) ×4
Feudal
12:47
Castle
20:55
Imperial
40:22
| APM avg | 15.2 |
| APM peak | 52 |
| eAPM avg | 9.8 |
| Villagers / military | 82 / 46 |
Focus
⚔️ 45.6% · 🌾 54.4%
Unknown (2550) ×83 · Unknown (2586) ×34 · Petard ×34 · Trebuchet (Packed) ×11 · Trade Cart ×6 · Unknown (2562) ×2
Feudal
13:21
Castle
28:35
Imperial
57:37
| APM avg | 19.2 |
| APM peak | 71 |
| eAPM avg | 11.2 |
| Villagers / military | 70 / 171 |
Focus
⚔️ 40.4% · 🌾 59.6%
Huskarl ×125 · Spearman ×15 · Militia ×12 · Knight ×11 · Scout Cavalry ×8
Match map
Resources at game start + every placement click. Thick line = wall · dashed box = detected house wall. 🟡 gold · ⚪ stone · 🟢 berries · 🔶 boar · ⭕ relic
Inputs per minute
— Shirasoni - - León XIV
Build order — Shirasoni
First 150 of 176 actions detected
| 0:10 | Create | Villager (Male) |
| 0:12 | Build | House |
| 0:13 | Build | House |
| 0:21 | Create | Villager (Male) |
| 0:47 | Create | Villager (Male) |
| 1:00 | Create | Villager (Male) |
| 1:56 | Build | Lumber Camp |
| 2:05 | Create | Villager (Male) |
| 2:31 | Create | Villager (Male) |
| 3:04 | Create | Villager (Male) |
| 3:26 | Create | Villager (Male) |
| 3:33 | Create | Villager (Male) |
| 3:54 | Create | Villager (Male) |
| 4:10 | Create | Villager (Male) |
| 4:20 | Create | Villager (Male) |
| 4:38 | Build | House |
| 4:43 | Research | Loom |
| 5:49 | Create | Villager (Male) |
| 6:12 | Create | Villager (Male) |
| 6:48 | Create | Villager (Male) |
| 7:01 | Create | Villager (Male) |
| 7:15 | Create | Villager (Male) |
| 7:30 | Build | House |
| 8:10 | Build | Mining Camp |
| 8:14 | Create | Villager (Male) |
| 8:19 | Create | Villager (Male) |
| 9:05 | Research | Feudal Age |
| 9:21 | Build | Barracks |
| 9:39 | Create | Villager (Male) |
| 9:45 | Build | Mill |
| 10:26 | Create | Militia |
| 10:32 | Build | House |
| 10:45 | Create | Militia |
| 10:49 | Create | Militia |
| 11:15 | Age | Feudal Age |
| 11:20 | Research | Double-Bit Axe |
| 11:28 | Research | Horse Collar |
| 11:31 | Create | Villager (Male) |
| 11:35 | Create | Militia |
| 11:53 | Build | Market |
| 11:56 | Create | Villager (Male) |
| 12:00 | Research | Man-at-Arms (upgrade) |
| 12:10 | Create | Villager (Male) |
| 12:15 | Build | House |
| 12:21 | Research | Loom |
| 12:28 | Build | Farm |
| 12:29 | Build | Farm |
| 12:29 | Build | Farm |
| 12:29 | Build | Farm |
| 12:37 | Create | Villager (Male) |
| 12:40 | Build | Farm |
| 12:58 | Create | Villager (Male) |
| 13:15 | Build | Farm |
| 13:50 | Create | Villager (Male) |
| 14:16 | Create | Villager (Male) |
| 14:26 | Build | Blacksmith |
| 14:29 | Create | Villager (Male) |
| 14:32 | Build | Farm |
| 14:33 | Build | Farm |
| 14:53 | Create | Villager (Male) |
| 14:59 | Build | Farm |
| 15:03 | Build | Farm |
| 15:05 | Build | Farm |
| 15:23 | Build | Building 673 |
| 15:33 | Build | House |
| 15:38 | Build | House |
| 16:15 | Create | Villager (Male) |
| 16:44 | Create | Villager (Male) |
| 16:59 | Create | Villager (Male) |
| 17:02 | Build | Farm |
| 17:03 | Build | Farm |
| 17:03 | Build | Farm |
| 17:21 | Build | Mining Camp |
| 17:35 | Research | Castle Age |
| 18:26 | Build | Farm |
| 18:26 | Build | Farm |
| 18:27 | Build | Farm |
| 18:29 | Build | Farm |
| 18:34 | Build | Farm |
| 19:09 | Create | Villager (Male) |
| 19:28 | Build | Building 665 |
| 19:33 | Research | Gold Mining |
| 19:38 | Research | Stone Mining |
| 19:49 | Create | Villager (Male) |
| 20:09 | Build | Building 490 |
| 20:15 | Age | Castle Age |
| 20:47 | Create | Spearman |
| 20:48 | Create | Spearman |
| 20:56 | Build | House |
| 22:34 | Build | Stable |
| 22:43 | Create | Villager (Male) |
| 22:43 | Create | Villager (Male) |
| 23:36 | Build | Mining Camp |
| 23:48 | Build | Farm |
| 23:57 | Build | House |
| 24:32 | Build | Castle |
| 24:57 | Build | Palisade Wall |
| 25:12 | Create | Villager (Male) |
| 25:17 | Build | Stable |
| 25:40 | Create | Villager (Male) |
| 25:52 | Create | Villager (Male) |
| 26:48 | Build | Farm |
| 27:44 | Create | Villager (Male) |
| 27:52 | Research | Wheelbarrow |
| 27:57 | Research | Imperial Age |
| 28:14 | Build | Town Center |
| 28:18 | Build | Farm |
| 28:24 | Create | Villager (Male) |
| 29:13 | Research | Bow Saw |
| 29:17 | Research | Heavy Plow |
| 29:39 | Build | Palisade Gate |
| 30:20 | Research | Light Cavalry (upgrade) |
| 30:22 | Research | Bloodlines |
| 30:24 | Research | Scale Barding Armor |
| 30:25 | Research | Fletching |
| 30:31 | Research | Forging |
| 30:59 | Build | Town Center |
| 31:05 | Create | Villager (Male) |
| 31:08 | Research | Wheelbarrow |
| 31:19 | Age | Imperial Age |
| 31:40 | Create | Scout Cavalry |
| 31:48 | Create | Villager (Male) |
| 31:53 | Build | Farm |
| 31:54 | Build | Farm |
| 31:59 | Build | Farm |
| 32:02 | Create | Villager (Male) |
| 32:07 | Build | Farm |
| 32:11 | Build | Farm |
| 32:14 | Build | Farm |
| 32:42 | Build | Castle |
| 32:54 | Build | Building 665 |
| 33:02 | Build | Stone Wall |
| 33:05 | Build | Stone Wall |
| 33:09 | Build | Stone Wall |
| 33:23 | Build | Stone Wall |
| 33:27 | Create | Villager (Male) |
| 33:29 | Research | Hand Cart |
| 33:30 | Create | Villager (Male) |
| 34:04 | Create | Trebuchet (Packed) |
| 34:58 | Create | Trebuchet (Packed) |
| 35:24 | Build | Mining Camp |
| 35:36 | Research | Long Swordsman (upgrade) |
| 35:39 | Research | Scale Mail Armor |
| 35:39 | Research | Iron Casting |
| 35:49 | Create | Villager (Male) ×3 |
| 35:56 | Build | Barracks |
| 36:00 | Build | Barracks |
| 36:03 | Build | Barracks |
| 36:15 | Create | Militia |
| 36:31 | Build | Farm |
Build order — León XIV
60 actions detected in the replay
| 0:17 | Build | House |
| 0:19 | Build | House |
| 0:20 | Build | House |
| 0:26 | Research | Loom |
| 0:27 | Create | Villager (Male) |
| 0:27 | Create | Villager (Male) |
| 0:27 | Create | Villager (Male) |
| 0:27 | Create | Villager (Male) |
| 0:28 | Create | Villager (Male) |
| 2:31 | Create | Villager (Male) |
| 3:05 | Create | Villager (Male) |
| 3:23 | Create | Villager (Male) |
| 3:24 | Create | Villager (Male) |
| 4:12 | Create | Villager (Male) |
| 4:24 | Create | Villager (Male) |
| 5:17 | Create | Villager (Male) |
| 5:17 | Create | Villager (Male) |
| 5:24 | Create | Villager (Male) |
| 5:36 | Build | Palisade Wall |
| 5:44 | Build | Palisade Wall |
| 6:03 | Build | Mill |
| 6:08 | Create | Villager (Male) |
| 6:10 | Create | Villager (Male) |
| 6:32 | Build | Palisade Wall |
| 6:59 | Create | Villager (Male) |
| 7:19 | Build | House |
| 7:20 | Build | House |
| 7:21 | Build | House |
| 7:52 | Create | Villager (Male) |
| 7:53 | Create | Villager (Male) |
| 7:53 | Create | Villager (Male) |
| 8:26 | Build | Barracks |
| 8:45 | Build | House |
| 8:46 | Build | House |
| 8:47 | Build | House |
| 8:59 | Build | Lumber Camp |
| 9:09 | Create | Villager (Male) |
| 9:10 | Create | Villager (Male) |
| 9:54 | Create | Villager (Male) |
| 10:40 | Create | Villager (Male) |
| 11:02 | Build | Palisade Wall |
| 11:21 | Build | Palisade Wall |
| 11:54 | Research | Feudal Age |
| 13:28 | Build | Mining Camp |
| 14:04 | Age | Feudal Age |
| 14:04 | Create | Militia |
| 14:04 | Create | Militia |
| 14:58 | Build | Watch Tower |
| 15:21 | Build | Market |
| 15:33 | Create | Militia |
| 15:34 | Create | Militia |
| 16:13 | Build | Stone Wall |
| 16:43 | Research | Double-Bit Axe |
| 16:45 | Create | Villager (Male) |
| 16:45 | Create | Villager (Male) |
| 16:45 | Create | Villager (Male) |
| 16:45 | Create | Villager (Male) |
| 16:46 | Create | Villager (Male) |
| 16:46 | Create | Villager (Male) |
| 16:46 | Create | Villager (Male) |
Build order — bassa.mohamed
First 150 of 312 actions detected
| 0:03 | Build | House |
| 0:05 | Build | House |
| 0:07 | Create | Villager (Male) |
| 0:07 | Create | Villager (Male) |
| 0:07 | Create | Villager (Male) |
| 0:07 | Create | Villager (Male) |
| 1:44 | Create | Villager (Male) |
| 1:45 | Create | Villager (Male) |
| 2:48 | Create | Villager (Male) |
| 2:48 | Create | Villager (Male) |
| 2:49 | Create | Villager (Male) |
| 3:28 | Build | House |
| 3:39 | Create | Villager (Male) |
| 3:40 | Create | Villager (Male) |
| 3:40 | Create | Villager (Male) |
| 4:10 | Create | Villager (Male) |
| 4:10 | Create | Villager (Male) |
| 4:46 | Create | Villager (Male) |
| 4:46 | Create | Villager (Male) |
| 5:17 | Build | Lumber Camp |
| 5:48 | Create | Villager (Male) |
| 5:48 | Create | Villager (Male) |
| 5:48 | Create | Villager (Male) |
| 6:22 | Create | Villager (Male) |
| 6:22 | Create | Villager (Male) |
| 6:26 | Build | Mill |
| 6:47 | Build | House |
| 7:53 | Create | Villager (Male) |
| 7:55 | Create | Villager (Male) |
| 8:10 | Create | Villager (Male) |
| 9:24 | Build | Mining Camp |
| 10:19 | Research | Loom |
| 10:20 | Research | Feudal Age |
| 11:05 | Build | Mill |
| 11:18 | Build | House |
| 11:22 | Build | House |
| 11:29 | Build | Barracks |
| 12:22 | Create | Villager (Male) |
| 12:23 | Create | Villager (Male) |
| 12:54 | Age | Feudal Age |
| 12:57 | Create | Villager (Male) |
| 12:58 | Create | Villager (Male) |
| 13:03 | Research | Double-Bit Axe |
| 13:26 | Build | Archery Range |
| 13:57 | Build | House |
| 13:59 | Build | House |
| 14:07 | Build | Palisade Wall |
| 15:01 | Build | Stable |
| 15:33 | Build | Palisade Wall |
| 15:47 | Build | Palisade Wall |
| 15:58 | Build | Farm |
| 16:23 | Create | Scout Cavalry |
| 16:24 | Create | Scout Cavalry |
| 16:24 | Create | Scout Cavalry |
| 16:24 | Create | Scout Cavalry |
| 16:57 | Build | Lumber Camp |
| 17:18 | Build | Blacksmith |
| 17:39 | Build | Lumber Camp |
| 17:54 | Create | Villager (Male) |
| 17:55 | Create | Villager (Male) |
| 17:55 | Create | Villager (Male) |
| 18:53 | Build | Farm |
| 18:57 | Build | Farm |
| 19:04 | Research | Forging |
| 19:09 | Build | House |
| 19:11 | Build | House |
| 19:22 | Build | Palisade Wall |
| 19:32 | Build | Farm |
| 19:36 | Create | Villager (Male) |
| 19:36 | Create | Villager (Male) |
| 19:37 | Create | Villager (Male) |
| 19:37 | Create | Villager (Male) |
| 21:42 | Build | Farm |
| 21:44 | Build | Farm |
| 21:46 | Build | Farm |
| 21:48 | Build | Farm |
| 21:49 | Build | Farm |
| 22:34 | Create | Villager (Male) |
| 22:37 | Create | Villager (Male) |
| 22:56 | Build | Palisade Wall |
| 23:10 | Build | Farm |
| 23:13 | Build | Farm |
| 23:15 | Build | Farm |
| 23:18 | Build | Farm |
| 23:31 | Research | Wheelbarrow |
| 23:39 | Build | Farm |
| 24:18 | Build | House |
| 24:20 | Build | House |
| 24:22 | Build | House |
| 24:23 | Build | House |
| 24:43 | Build | Palisade Wall |
| 25:00 | Build | Palisade Wall |
| 25:07 | Create | Villager (Male) |
| 25:08 | Create | Villager (Male) |
| 25:13 | Create | Villager (Male) |
| 25:46 | Build | Market |
| 26:55 | Build | Building 804 |
| 27:08 | Build | House |
| 27:22 | Research | Castle Age |
| 27:29 | Create | Villager (Male) |
| 27:30 | Create | Villager (Male) |
| 29:02 | Build | Archery Range |
| 29:07 | Build | Archery Range |
| 29:11 | Create | Villager (Male) |
| 29:12 | Create | Villager (Male) |
| 30:02 | Age | Castle Age |
| 30:10 | Build | Town Center |
| 30:14 | Research | Bow Saw |
| 30:24 | Create | Knight |
| 30:24 | Create | Knight |
| 30:24 | Create | Knight |
| 30:25 | Create | Knight |
| 30:25 | Create | Knight |
| 30:25 | Create | Knight |
| 30:25 | Create | Knight |
| 30:26 | Create | Knight |
| 30:26 | Create | Knight |
| 30:26 | Create | Knight |
| 30:33 | Research | Iron Casting |
| 30:35 | Research | Fletching |
| 30:36 | Research | Fletching |
| 30:46 | Build | Farm |
| 30:51 | Build | Farm |
| 30:53 | Build | Farm |
| 30:56 | Build | Farm |
| 31:12 | Build | Town Center |
| 31:40 | Create | Villager (Male) |
| 31:41 | Create | Villager (Male) |
| 31:41 | Create | Villager (Male) |
| 31:41 | Create | Villager (Male) |
| 31:42 | Create | Villager (Male) |
| 31:42 | Create | Villager (Male) |
| 31:43 | Create | Villager (Male) |
| 32:00 | Build | Farm |
| 32:02 | Build | Farm |
| 32:05 | Build | Farm |
| 32:09 | Build | Farm |
| 32:13 | Create | Villager (Male) |
| 32:14 | Create | Villager (Male) |
| 32:14 | Create | Villager (Male) |
| 32:14 | Create | Villager (Male) |
| 32:15 | Create | Villager (Male) |
| 32:30 | Create | Archer |
| 32:30 | Create | Archer |
| 32:30 | Create | Archer |
| 32:31 | Create | Archer |
| 32:31 | Create | Archer |
| 32:31 | Create | Archer |
| 32:45 | Build | Farm |
| 32:55 | Build | Farm |
Build order — Lars
First 150 of 433 actions detected
| 0:35 | Create | Villager (Male) |
| 0:36 | Research | Loom |
| 0:37 | Create | Villager (Male) |
| 0:37 | Create | Villager (Male) |
| 0:37 | Create | Villager (Male) |
| 1:17 | Build | House |
| 1:46 | Build | House |
| 1:51 | Build | House |
| 1:56 | Build | House |
| 2:45 | Create | Villager (Male) |
| 2:45 | Create | Villager (Male) |
| 3:08 | Create | Villager (Male) |
| 3:09 | Create | Villager (Male) |
| 3:31 | Build | Lumber Camp |
| 3:36 | Create | Villager (Male) |
| 3:36 | Create | Villager (Male) |
| 3:36 | Create | Villager (Male) |
| 4:12 | Create | Villager (Male) |
| 4:38 | Create | Villager (Male) |
| 4:38 | Create | Villager (Male) |
| 4:38 | Create | Villager (Male) |
| 5:07 | Create | Villager (Male) |
| 5:08 | Create | Villager (Male) |
| 5:08 | Create | Villager (Male) |
| 5:08 | Create | Villager (Male) |
| 5:25 | Create | Villager (Male) |
| 5:39 | Create | Villager (Male) |
| 5:39 | Create | Villager (Male) |
| 6:10 | Create | Villager (Male) |
| 6:11 | Create | Villager (Male) |
| 7:37 | Build | Mining Camp |
| 7:53 | Build | Mining Camp |
| 7:57 | Create | Villager (Male) |
| 7:59 | Create | Villager (Male) |
| 9:00 | Build | Mill |
| 9:51 | Research | Feudal Age |
| 12:01 | Age | Feudal Age |
| 12:06 | Research | Wheelbarrow |
| 12:09 | Create | Villager (Male) |
| 12:26 | Build | House |
| 12:38 | Research | Horse Collar |
| 12:56 | Build | Lumber Camp |
| 13:12 | Build | House |
| 13:29 | Create | Villager (Male) |
| 13:52 | Build | Farm |
| 13:55 | Create | Villager (Male) |
| 14:06 | Build | House |
| 14:12 | Build | House |
| 14:18 | Build | House |
| 14:28 | Build | Barracks |
| 14:50 | Create | Villager (Male) |
| 14:50 | Create | Villager (Male) |
| 14:56 | Build | Farm |
| 15:33 | Build | Stone Wall |
| 15:42 | Create | Villager (Male) |
| 15:49 | Build | Farm |
| 15:54 | Build | Farm |
| 15:56 | Create | Villager (Male) |
| 16:06 | Build | House |
| 16:11 | Build | House |
| 16:25 | Build | Farm |
| 16:29 | Research | Double-Bit Axe |
| 16:37 | Build | Farm |
| 17:00 | Build | Farm |
| 17:10 | Build | Farm |
| 17:16 | Create | Villager (Male) |
| 17:18 | Create | Villager (Male) |
| 17:40 | Create | Villager (Male) |
| 17:58 | Research | Man-at-Arms (upgrade) |
| 18:16 | Build | Farm |
| 18:19 | Create | Villager (Male) |
| 18:29 | Build | Farm |
| 18:36 | Build | Farm |
| 18:41 | Build | Farm |
| 18:45 | Build | Farm |
| 18:47 | Create | Villager (Male) |
| 18:50 | Research | Gold Mining |
| 19:01 | Build | Farm |
| 19:04 | Create | Villager (Male) |
| 19:22 | Research | Stone Mining |
| 19:27 | Build | Farm |
| 19:33 | Create | Villager (Male) |
| 19:46 | Build | Stone Wall |
| 20:00 | Build | Farm |
| 20:03 | Create | Villager (Male) |
| 20:13 | Build | Market |
| 20:28 | Build | Mill |
| 20:45 | Build | Blacksmith |
| 20:53 | Build | Building 487 |
| 21:08 | Create | Militia |
| 21:09 | Create | Militia |
| 21:15 | Build | Farm |
| 21:29 | Create | Spearman |
| 21:31 | Create | Spearman |
| 21:54 | Build | Mining Camp |
| 22:18 | Build | Stone Wall |
| 22:28 | Build | Building 490 |
| 22:39 | Research | Castle Age |
| 22:58 | Build | Mining Camp |
| 23:18 | Create | Spearman |
| 23:20 | Create | Militia |
| 23:42 | Research | Forging |
| 23:43 | Research | Scale Mail Armor |
| 23:59 | Create | Spearman |
| 23:59 | Create | Spearman |
| 24:14 | Create | Militia |
| 24:14 | Create | Militia |
| 24:33 | Create | Militia |
| 24:33 | Create | Militia |
| 24:51 | Create | Militia |
| 24:51 | Create | Militia |
| 25:19 | Age | Castle Age |
| 26:00 | Create | Villager (Male) |
| 26:03 | Create | Villager (Male) |
| 26:15 | Research | Pikeman (upgrade) |
| 26:17 | Research | Squires |
| 26:50 | Build | Castle |
| 26:58 | Create | Villager (Male) |
| 27:55 | Build | Town Center |
| 28:20 | Create | Spearman |
| 28:20 | Create | Spearman |
| 28:45 | Create | Spearman |
| 28:51 | Create | Villager (Male) |
| 28:52 | Research | Hand Cart |
| 29:18 | Create | Villager (Male) |
| 29:20 | Research | Heavy Plow |
| 29:22 | Research | Bow Saw |
| 29:25 | Research | Gold Shaft Mining |
| 30:03 | Research | Long Swordsman (upgrade) |
| 30:15 | Build | Stone Wall |
| 30:21 | Build | Building 487 |
| 30:33 | Research | Fletching |
| 30:38 | Create | Villager (Male) |
| 30:38 | Create | Villager (Male) |
| 30:47 | Build | Lumber Camp |
| 30:50 | Create | Villager (Male) |
| 30:50 | Create | Villager (Male) |
| 30:50 | Create | Villager (Male) |
| 30:55 | Create | Militia |
| 30:57 | Create | Spearman |
| 31:18 | Create | Villager (Male) |
| 31:19 | Create | Villager (Male) |
| 31:27 | Build | House |
| 31:31 | Build | House |
| 31:37 | Create | Militia |
| 31:37 | Create | Spearman |
| 31:51 | Create | Villager (Male) |
| 31:56 | Create | Militia |
| 32:07 | Create | Villager (Male) |
| 32:10 | Create | Villager (Male) |
Build order — Yousnake
First 150 of 367 actions detected
| 0:01 | Create | Villager (Male) |
| 0:01 | Create | Villager (Male) |
| 0:01 | Create | Villager (Male) |
| 0:01 | Create | Villager (Male) |
| 0:05 | Build | House |
| 0:08 | Build | House |
| 1:28 | Create | Villager (Male) |
| 2:05 | Create | Villager (Male) |
| 2:29 | Create | Villager (Male) |
| 2:53 | Build | Settlement |
| 3:05 | Create | Villager (Male) |
| 3:07 | Create | Villager (Male) |
| 3:40 | Create | Villager (Male) |
| 4:14 | Create | Villager (Male) |
| 4:36 | Build | Settlement |
| 4:42 | Create | Villager (Male) |
| 5:11 | Create | Villager (Male) |
| 5:34 | Create | Villager (Male) |
| 5:36 | Research | Loom |
| 6:07 | Create | Villager (Male) |
| 6:08 | Create | Villager (Male) |
| 6:31 | Create | Villager (Male) |
| 7:12 | Create | Villager (Male) |
| 7:13 | Create | Villager (Male) |
| 7:14 | Create | Villager (Male) |
| 8:09 | Create | Villager (Male) |
| 8:21 | Build | House |
| 8:45 | Create | Villager (Male) |
| 8:46 | Create | Villager (Male) |
| 9:50 | Build | Barracks |
| 10:37 | Research | Feudal Age |
| 10:41 | Create | Villager (Male) |
| 10:42 | Create | Villager (Male) |
| 10:48 | Build | House |
| 10:50 | Create | Unit 2550 |
| 10:51 | Create | Unit 2550 |
| 11:13 | Build | Farm |
| 11:21 | Build | Farm |
| 11:28 | Build | House |
| 11:34 | Build | House |
| 11:51 | Build | Farm |
| 11:53 | Build | Farm |
| 11:56 | Build | Farm |
| 11:59 | Build | Farm |
| 12:07 | Build | Farm |
| 12:38 | Create | Villager (Male) |
| 12:47 | Age | Feudal Age |
| 12:57 | Build | Blacksmith |
| 13:30 | Build | House |
| 13:32 | Build | House |
| 14:19 | Build | Farm |
| 14:26 | Research | Tech 1402 |
| 14:49 | Research | Forging |
| 15:21 | Create | Unit 2550 |
| 15:22 | Create | Unit 2550 |
| 15:26 | Create | Villager (Male) |
| 15:27 | Create | Villager (Male) |
| 16:18 | Create | Unit 2550 |
| 16:25 | Research | Scale Mail Armor |
| 16:42 | Build | Settlement |
| 16:52 | Create | Villager (Male) |
| 17:11 | Build | Market |
| 17:25 | Create | Villager (Male) |
| 17:31 | Create | Villager (Male) |
| 17:44 | Build | Settlement |
| 18:13 | Research | Castle Age |
| 18:13 | Research | Castle Age |
| 19:11 | Create | Villager (Male) |
| 19:12 | Create | Villager (Male) |
| 20:35 | Create | Villager (Male) |
| 20:36 | Create | Villager (Male) |
| 20:37 | Create | Villager (Male) |
| 20:55 | Age | Castle Age |
| 21:12 | Build | Archery Range |
| 21:31 | Build | Town Center |
| 21:50 | Build | Town Center |
| 22:00 | Research | Double-Bit Axe |
| 22:05 | Research | Gold Mining |
| 22:09 | Research | Horse Collar |
| 22:13 | Create | Villager (Male) |
| 22:13 | Create | Villager (Male) |
| 22:14 | Create | Villager (Male) |
| 22:15 | Create | Villager (Male) |
| 22:15 | Create | Villager (Male) |
| 22:36 | Create | Unit 2586 |
| 22:36 | Create | Unit 2586 |
| 22:38 | Research | Squires |
| 23:27 | Build | House |
| 23:28 | Build | House |
| 23:29 | Build | House |
| 23:33 | Build | House |
| 23:37 | Create | Villager (Male) |
| 23:38 | Create | Villager (Male) |
| 23:38 | Create | Villager (Male) |
| 23:55 | Create | Petard |
| 24:38 | Research | Stone Mining |
| 25:06 | Build | Farm |
| 25:07 | Build | Farm |
| 25:09 | Build | Farm |
| 25:11 | Build | Farm |
| 25:15 | Create | Villager (Male) |
| 25:15 | Create | Villager (Male) |
| 25:23 | Create | Trade Cart |
| 25:23 | Create | Trade Cart |
| 25:43 | Create | Villager (Male) |
| 25:43 | Create | Villager (Male) |
| 25:43 | Create | Villager (Male) |
| 26:23 | Build | Farm |
| 26:37 | Build | Farm |
| 26:43 | Build | Farm |
| 26:44 | Build | Farm |
| 26:45 | Build | Farm |
| 26:52 | Build | Farm |
| 26:53 | Build | Farm |
| 26:59 | Create | Villager (Male) |
| 26:59 | Create | Villager (Male) |
| 26:59 | Create | Villager (Male) |
| 27:00 | Create | Villager (Male) |
| 27:00 | Create | Villager (Male) |
| 27:05 | Build | Farm |
| 28:28 | Build | Barracks |
| 28:33 | Build | Barracks |
| 29:26 | Create | Unit 2550 |
| 29:26 | Create | Unit 2550 |
| 29:27 | Create | Unit 2550 |
| 29:27 | Create | Unit 2550 |
| 29:34 | Research | Tech 1351 |
| 29:53 | Create | Trade Cart |
| 29:54 | Create | Trade Cart |
| 29:54 | Create | Trade Cart |
| 29:54 | Create | Trade Cart |
| 30:16 | Build | Barracks |
| 30:25 | Build | Archery Range |
| 30:40 | Create | Unit 2550 |
| 30:40 | Create | Unit 2550 |
| 30:42 | Create | Unit 2586 |
| 30:43 | Create | Unit 2586 |
| 30:44 | Research | Pikeman (upgrade) |
| 30:51 | Research | Pikeman (upgrade) |
| 31:21 | Research | Thumb Ring |
| 31:23 | Create | Petard |
| 31:23 | Create | Petard |
| 31:23 | Create | Petard |
| 31:23 | Create | Petard |
| 31:24 | Create | Petard |
| 31:24 | Create | Petard |
| 31:24 | Create | Petard |
| 31:25 | Create | Petard |
| 31:25 | Create | Petard |
| 31:25 | Create | Petard |
Build order — GLORY MUSTAF
First 150 of 376 actions detected
| 0:10 | Build | House |
| 0:12 | Build | House |
| 0:16 | Build | House |
| 0:19 | Create | Villager (Male) |
| 0:19 | Create | Villager (Male) |
| 0:20 | Create | Villager (Male) |
| 0:20 | Create | Villager (Male) |
| 0:20 | Create | Villager (Male) |
| 1:28 | Build | Lumber Camp |
| 1:37 | Research | Loom |
| 2:00 | Create | Villager (Male) |
| 2:00 | Create | Villager (Male) |
| 2:38 | Create | Villager (Male) |
| 2:38 | Create | Villager (Male) |
| 2:48 | Create | Villager (Male) |
| 2:48 | Create | Villager (Male) |
| 2:48 | Create | Villager (Male) |
| 3:36 | Create | Villager (Male) |
| 3:36 | Create | Villager (Male) |
| 3:36 | Create | Villager (Male) |
| 3:36 | Create | Villager (Male) |
| 4:03 | Create | Villager (Male) |
| 4:03 | Create | Villager (Male) |
| 4:33 | Create | Villager (Male) |
| 4:33 | Create | Villager (Male) |
| 4:54 | Build | Mill |
| 5:00 | Create | Villager (Male) |
| 5:00 | Create | Villager (Male) |
| 6:09 | Create | Villager (Male) |
| 6:10 | Create | Villager (Male) |
| 6:10 | Create | Villager (Male) |
| 6:10 | Create | Villager (Male) |
| 6:32 | Create | Villager (Male) |
| 6:32 | Create | Villager (Male) |
| 6:32 | Create | Villager (Male) |
| 7:11 | Build | Mining Camp |
| 7:51 | Build | Mill |
| 8:12 | Create | Villager (Male) |
| 8:13 | Create | Villager (Male) |
| 8:13 | Create | Villager (Male) |
| 8:13 | Create | Villager (Male) |
| 8:13 | Create | Villager (Male) |
| 8:25 | Build | House |
| 9:07 | Build | House |
| 9:09 | Build | House |
| 9:11 | Build | House |
| 9:14 | Build | House |
| 9:16 | Build | House |
| 9:18 | Build | House |
| 9:20 | Build | House |
| 9:23 | Build | House |
| 9:25 | Build | House |
| 10:21 | Create | Villager (Male) |
| 10:22 | Create | Villager (Male) |
| 10:45 | Build | Barracks |
| 11:11 | Research | Feudal Age |
| 12:16 | Create | Militia |
| 12:16 | Create | Militia |
| 12:16 | Create | Militia |
| 12:16 | Create | Militia |
| 12:17 | Create | Militia |
| 12:52 | Build | House |
| 12:54 | Build | House |
| 12:57 | Build | House |
| 12:59 | Build | House |
| 13:00 | Build | House |
| 13:02 | Build | House |
| 13:06 | Build | House |
| 13:09 | Build | House |
| 13:10 | Build | House |
| 13:21 | Age | Feudal Age |
| 13:28 | Research | Double-Bit Axe |
| 14:19 | Build | Stable |
| 14:31 | Build | House |
| 14:52 | Research | Horse Collar |
| 15:25 | Create | Villager (Male) |
| 15:25 | Create | Villager (Male) |
| 15:25 | Create | Villager (Male) |
| 15:27 | Create | Villager (Male) |
| 16:06 | Build | Blacksmith |
| 16:09 | Research | Man-at-Arms (upgrade) |
| 16:42 | Build | Lumber Camp |
| 17:06 | Research | Forging |
| 18:09 | Build | Market |
| 18:28 | Build | Mining Camp |
| 18:38 | Create | Scout Cavalry |
| 18:38 | Create | Scout Cavalry |
| 18:38 | Create | Scout Cavalry |
| 18:39 | Create | Scout Cavalry |
| 18:39 | Create | Scout Cavalry |
| 18:39 | Create | Scout Cavalry |
| 18:39 | Create | Scout Cavalry |
| 18:40 | Create | Scout Cavalry |
| 19:15 | Build | Farm |
| 19:17 | Build | Farm |
| 19:20 | Build | Farm |
| 19:21 | Build | Farm |
| 19:23 | Build | Farm |
| 19:26 | Build | Farm |
| 19:42 | Build | Farm |
| 20:10 | Research | Bloodlines |
| 20:15 | Research | Scale Mail Armor |
| 21:31 | Create | Spearman |
| 21:32 | Create | Spearman |
| 21:32 | Create | Spearman |
| 21:32 | Create | Spearman |
| 21:57 | Build | Farm |
| 21:59 | Build | Farm |
| 22:01 | Build | Farm |
| 22:02 | Build | Farm |
| 22:16 | Research | Scale Barding Armor |
| 23:08 | Create | Spearman |
| 23:09 | Create | Spearman |
| 25:55 | Research | Castle Age |
| 26:05 | Create | Militia |
| 26:06 | Create | Militia |
| 26:06 | Create | Militia |
| 26:06 | Create | Militia |
| 26:06 | Create | Militia |
| 26:07 | Create | Militia |
| 26:07 | Create | Militia |
| 26:32 | Build | Barracks |
| 28:35 | Age | Castle Age |
| 28:39 | Research | Long Swordsman (upgrade) |
| 28:43 | Research | Husbandry |
| 28:44 | Create | Knight |
| 28:44 | Create | Knight |
| 28:44 | Create | Knight |
| 28:45 | Create | Knight |
| 28:45 | Create | Knight |
| 28:53 | Build | Barracks |
| 29:25 | Research | Chain Mail Armor |
| 29:48 | Create | Villager (Male) |
| 30:16 | Build | Castle |
| 30:59 | Research | Light Cavalry (upgrade) |
| 31:00 | Create | Knight |
| 31:00 | Create | Knight |
| 31:00 | Create | Knight |
| 31:01 | Create | Knight |
| 31:01 | Create | Knight |
| 31:01 | Create | Knight |
| 31:46 | Research | Gold Mining |
| 32:11 | Build | Town Center |
| 33:02 | Research | Bow Saw |
| 33:31 | Build | Farm |
| 33:49 | Build | Lumber Camp |
| 34:02 | Create | Villager (Male) |
| 34:03 | Create | Villager (Male) |
| 34:03 | Create | Villager (Male) |
| 34:03 | Create | Villager (Male) |
Match timeline
| 5:36 | León XIV · wall_segment Palisade Wall x5 |
| 5:44 | León XIV · wall_segment Palisade Wall x3 |
| 6:32 | León XIV · wall_segment Palisade Wall x21 |
| 8:26 | León XIV · first_building Barracks |
| 9:21 | Shirasoni · first_building Barracks |
| 9:50 | Yousnake · first_building Barracks |
| 10:45 | GLORY MUSTAF · first_building Barracks |
| 11:02 | León XIV · wall_segment Palisade Wall x1 |
| 11:15 | Shirasoni · age_up feudal |
| 11:21 | León XIV · wall_segment Palisade Wall x15 |
| 11:29 | bassa.mohamed · first_building Barracks |
| 12:01 | Lars · age_up feudal |
| 12:47 | Yousnake · age_up feudal |
| 12:54 | bassa.mohamed · age_up feudal |
| 13:21 | GLORY MUSTAF · age_up feudal |
| 13:26 | bassa.mohamed · first_building Archery Range |
| 14:04 | León XIV · age_up feudal |
| 14:07 | bassa.mohamed · wall_segment Palisade Wall x2 |
| 14:19 | GLORY MUSTAF · first_building Stable |
| 14:28 | Lars · first_building Barracks |
| 15:01 | bassa.mohamed · first_building Stable |
| 15:33 | bassa.mohamed · wall_segment Palisade Wall x1 |
| 15:33 | Lars · wall_segment Stone Wall x21 |
| 15:47 | bassa.mohamed · wall_segment Palisade Wall x1 |
| 16:13 | León XIV · wall_segment Stone Wall x18 |
| 19:22 | bassa.mohamed · wall_segment Palisade Wall x9 |
| 19:46 | Lars · wall_segment Stone Wall x4 |
| 19:51 | GLORY MUSTAF · first_market_buy 100 food |
| 20:15 | Shirasoni · age_up castle |
| 20:55 | Yousnake · age_up castle |
| 21:12 | Yousnake · first_building Archery Range |
| 22:18 | Lars · wall_segment Stone Wall x32 |
| 22:34 | Shirasoni · first_building Stable |
| 22:56 | bassa.mohamed · wall_segment Palisade Wall x8 |
| 24:32 | Shirasoni · first_building Castle |
| 24:43 | bassa.mohamed · wall_segment Palisade Wall x1 |
| 24:57 | Shirasoni · wall_segment Palisade Wall x6 |
| 25:00 | bassa.mohamed · wall_segment Palisade Wall x9 |
| 25:19 | Lars · age_up castle |
| 26:50 | Lars · first_building Castle |
| 28:35 | GLORY MUSTAF · age_up castle |
| 29:10 | GLORY MUSTAF · first_market_sell 100 wood |
| 30:02 | bassa.mohamed · age_up castle |
| 30:15 | Lars · wall_segment Stone Wall x5 |
| 30:16 | GLORY MUSTAF · first_building Castle |
| 31:19 | Shirasoni · age_up imperial |
| 32:44 | Yousnake · first_building Castle |
| 32:53 | Lars · wall_segment Stone Wall x14 |
| 33:02 | Shirasoni · wall_segment Stone Wall x1 |
| 33:05 | Shirasoni · wall_segment Stone Wall x1 |
| 33:09 | Shirasoni · wall_segment Stone Wall x1 |
| 33:23 | Shirasoni · wall_segment Stone Wall x3 |
| 34:03 | Shirasoni · first_market_buy 100 wood |
| 37:01 | Yousnake · first_market_buy 100 food |
| 38:34 | Lars · first_building Siege Workshop |
| 39:31 | bassa.mohamed · first_building Monastery |
| 39:37 | Lars · wall_segment Stone Wall x14 |
| 40:22 | Yousnake · age_up imperial |
| 40:25 | Lars · age_up imperial |
| 41:54 | bassa.mohamed · first_building Castle |
| 43:41 | Lars · wall_segment Stone Wall x23 |
| 45:31 | Shirasoni · resign |
| 46:01 | bassa.mohamed · age_up imperial |
| 51:03 | bassa.mohamed · first_building Siege Workshop |
| 52:26 | Lars · first_market_sell 100 food |
| 53:21 | Lars · first_building Monastery |
| 57:37 | GLORY MUSTAF · age_up imperial |
[ AI ANALYSIS · 1 CREDIT ]
What really happened in this match?
Wolo.gg analyzes every decision: build order, eco, micro, common mistakes by bracket. Personalized analysis on WhatsApp or Discord in 30 seconds.
Civ guide
Mongols
Map guide
Arabia
Perfil
Shirasoni